Map: Acid Plant LE

Players

Denver

  • Race: Zerg Zerg
  • League: Master
  • Spawn Location: 5:00

Reynor - Winner!

  • Race: Zerg Zerg
  • League: Master
  • Spawn Location: 11:00

Event: HomeStory Cup XVIII

VOD

Have the link to the VOD?

Description

Time

  • Played on: Nov. 22, 2018, 11:32 a.m.
  • Length: 12:52

All games in this series

Show
View Real Time Build Order
Export as new Build Order

Denver Zerg 

Build Orders: Hatch First 

Get SALT Encoding   

  12  0:00  Drone  
  13  0:12  Overlord  
  13  0:17  Drone  
  14  0:31  Drone x2  
  16  0:49  Hatchery  
  15  0:52  Drone  
  15  0:55  Drone  
  17  0:59  Drone  
  18  1:09  Extractor  
  17  1:15  Spawning Pool  
  16  1:18  Drone  
  16  1:22  Drone  
  18  1:30  Drone  
  19  1:38  Drone  
  20  1:50  Drone  
  21  2:00  Drone  
  22  2:02  Queen x2, Zergling x2  
  27  2:10  Metabolic Boost  
  27  2:12  Overlord  
  27  2:14  Drone  
  28  2:31  Drone x2  
  28  2:36  Hatchery  
  29  2:40  Drone x2  
  31  2:45  Drone x2  
  33  2:54  Overlord  
  33  3:01  Baneling Nest  
  33  3:03  Zergling x2  
  33  3:07  Drone x2  
  33  3:11  Overlord  
  35  3:13  Zergling x6  
  35  3:17  Zergling x4  
  40  3:20  Drone  
  40  3:25  Drone  
  42  3:33  Queen  
  44  3:37  Drone x2  
  46  3:45  Drone x4  
  50  3:50  Zergling x4, Baneling x2  
  50  3:51  Overlord  
  50  3:52  Drone  
  50  3:53  Drone  
  54  4:01  Drone x2  
  55  4:05  Evolution Chamber  
  55  4:07  Drone  
  55  4:09  Drone  
  56  4:10  Drone  
  56  4:13  Extractor  
  56  4:15  Drone x4  
  59  4:20  Overlord  
  59  4:22  Baneling x2  
  59  4:23  Drone x2  
  61  4:30  Roach Warren  
  60  4:31  Drone  
  60  4:33  Zerg Melee Weapons Level 1  
  60  4:42  Drone x4, Overlord  
  64  4:49  Drone x7  
  68  4:54  Lair  
  67  5:02  Drone x3  
  67  5:03  Extractor  
  67  5:06  Extractor, Zergling x2  
  71  5:07  Extractor, Zergling x4  
  71  5:09  Extractor  
  69  5:16  Zergling x12  
  75  5:22  Drone  
  75  5:23  Drone x3  
  75  5:26  Overlord  
  78  5:29  Overlord  
  78  5:32  Drone x3, Hatchery  
  80  5:41  Overlord x2  
  80  5:46  Baneling x3  
  80  5:48  Zergling x6  
  83  5:52  Spire  
  83  5:56  Zergling x14  
  89  6:01  Baneling x2  
  89  6:02  Baneling x2  
  89  6:05  Zergling x8  
  89  6:11  Queen  
  94  6:12  Overlord  
  94  6:15  Overlord  
  93  6:20  Overlord  
  89  6:30  Overlord  
  89  6:32  Zergling x20  
  98  6:46  Zergling x8  
  99  6:52  Baneling  
  99  6:53  Baneling x8  
  98  7:04  Mutalisk x10  
  109  7:12  Zergling x8  
  98  7:17  Zergling x2  
  98  7:21  Extractor  
  98  7:22  Queen, Zergling x4  
  88  7:30  Zergling x14  
  92  7:39  Zergling x10  
  96  7:51  Zergling x12  
  99  8:00  Mutalisk x2  
  103  8:09  Zerg Flyer Weapons Level 1  
  103  8:10  Mutalisk  
  103  8:11  Mutalisk  
  107  8:15  Mutalisk  
  109  8:32  Mutalisk x2  
  109  8:33  Zergling x10  
  116  8:42  Zergling x2  
  116  8:43  Zergling x6  
  119  8:49  Mutalisk  
  119  8:55  Mutalisk  
  117  8:57  Zergling x8  
  123  9:09  Zergling x4  
  125  9:13  Mutalisk  
  125  9:15  Zergling x6  
  128  9:19  Zergling x2  
  129  9:27  Zergling x2  
  129  9:28  Zergling x6  
  129  9:31  Hatchery  
  112  9:46  Mutalisk x3  
  112  9:48  Zergling x2  
  112  9:49  Zergling x4  
  121  9:53  Baneling x3  
  121  9:58  Zergling x2  
  121  9:59  Zergling x6  
  121  10:07  Extractor  
  119  10:19  Zergling x12  
  122  10:28  Mutalisk x3  
  107  10:38  Zergling x6  
  106  10:51  Mutalisk x2  
  106  10:53  Overlord  
  106  10:54  Zergling x2  
  106  10:55  Zergling x6  
  105  11:02  Zergling x6  
  91  11:14  Mutalisk x3  
  91  11:18  Zergling x12  
  95  11:24  Mutalisk  
  88  11:27  Queen  
  88  11:31  Zergling x8  
  89  11:44  Zergling x10  
  79  11:48  Zergling x6  
  79  11:49  Zergling x2  
  74  12:01  Mutalisk x3  
  66  12:11  Zergling x6  
  62  12:19  Zergling x4  
Show
View Real Time Build Order
Export as new Build Order

Reynor Zerg - Winner!

Build Orders: Hatch First 

Get SALT Encoding   

  12  0:00  Drone  
  13  0:12  Overlord  
  13  0:17  Drone  
  14  0:30  Drone x2  
  14  0:34  Drone  
  17  0:52  Hatchery  
  17  0:55  Drone  
  17  0:58  Drone  
  18  1:09  Extractor  
  17  1:14  Spawning Pool  
  17  1:16  Drone  
  17  1:19  Drone  
  18  1:28  Drone  
  19  1:38  Drone  
  20  1:49  Overlord  
  20  2:00  Drone  
  21  2:03  Queen  
  21  2:04  Queen, Drone  
  26  2:10  Drone, Metabolic Boost  
  26  2:14  Drone  
  28  2:21  Drone  
  29  2:25  Drone  
  30  2:32  Zergling x2  
  31  2:37  Zergling x2  
  31  2:41  Hatchery  
  31  2:46  Baneling Nest  
  31  2:48  Drone  
  31  2:50  Drone  
  32  2:54  Overlord  
  32  3:02  Queen  
  32  3:05  Drone  
  35  3:07  Drone  
  36  3:19  Zergling x6  
  39  3:20  Drone x2  
  39  3:23  Overlord  
  40  3:29  Zergling x2  
  41  3:37  Baneling x3  
  41  3:38  Zergling x2  
  41  3:39  Baneling  
  41  3:40  Drone  
  43  3:46  Zergling x2  
  43  3:47  Zergling x2  
  43  3:48  Drone x2, Evolution Chamber  
  45  3:57  Zergling x4  
  45  3:59  Overlord  
  45  4:01  Queen  
  45  4:02  Baneling x2  
  49  4:05  Drone x2  
  49  4:07  Drone  
  52  4:10  Drone x2  
  52  4:12  Drone  
  55  4:18  Drone x3  
  55  4:19  Drone  
  55  4:21  Baneling  
  59  4:26  Overlord  
  59  4:31  Zerg Missile Weapons Level 1, Drone x2  
  60  4:32  Drone  
  60  4:34  Extractor  
  60  4:36  Extractor, Drone  
  60  4:37  Drone  
  62  4:42  Drone  
  62  4:43  Drone x2  
  62  4:44  Drone  
  62  4:45  Drone  
  67  4:48  Drone x2  
  69  4:55  Roach Warren  
  69  4:58  Drone x4  
  67  5:05  Overlord  
  67  5:11  Extractor  
  67  5:13  Overlord x2  
  65  5:15  Zergling x8  
  65  5:16  Zergling x6  
  72  5:23  Zergling x4  
  74  5:30  Overlord  
  74  5:32  Zergling x10  
  74  5:33  Zergling x6  
  82  5:42  Roach x2  
  86  5:43  Roach  
  86  5:47  Roach  
  86  5:48  Roach x2  
  94  5:50  Roach  
  94  5:52  Roach  
  94  5:54  Baneling x2  
  94  5:56  Roach  
  100  6:00  Roach x2  
  100  6:02  Overlord  
  104  6:05  Overlord  
  100  6:11  Roach x3  
  107  6:25  Roach x2  
  107  6:26  Roach x2, Zergling x8  
  107  6:30  Roach  
  112  6:34  Roach  
  112  6:37  Baneling x7  
  112  6:38  Baneling  
  112  6:39  Roach x2  
  110  6:41  Queen x2  
  110  6:44  Zergling x2  
  110  6:46  Baneling x3  
  110  6:47  Baneling x3  
  115  6:48  Zergling x4  
  115  6:51  Zergling x4  
  115  6:53  Overlord  
  120  7:01  Zergling x6  
  118  7:12  Roach x2, Zergling x10  
  118  7:13  Ravager x3  
  122  7:19  Zergling x2  
  122  7:20  Queen  
  122  7:22  Zergling x4  
  125  7:25  Ravager  
  125  7:29  Zergling x2  
  125  7:31  Zergling x4  
  125  7:35  Zergling x6  
  126  7:37  Queen  
  126  7:42  Zergling x4  
  119  7:45  Zergling x2  
  119  7:51  Zergling x2  
  107  7:53  Zergling x2  
  107  7:54  Queen  
  107  7:55  Spore Crawler  
  107  7:57  Zergling x2  
  96  8:01  Drone  
  96  8:03  Lair  
  96  8:05  Zergling x2  
  94  8:06  Spore Crawler  
  94  8:07  Spore Crawler  
  94  8:09  Zergling x8  
  94  8:10  Drone x3  
  99  8:13  Drone  
  100  8:21  Drone x2  
  100  8:24  Baneling  
  100  8:25  Baneling, Spore Crawler  
  100  8:30  Queen  
  99  8:37  Drone x4, Overlord  
  99  8:40  Queen  
  105  8:47  Roach x3  
  105  8:48  Zergling x6  
  113  8:52  Overlord  
  108  9:05  Queen  
  108  9:07  Glial Reconstitution  
  108  9:09  Roach x2  
  113  9:10  Overlord  
  113  9:14  Queen  
  113  9:16  Roach x3  
  121  9:17  Baneling  
  121  9:18  Overlord, Baneling  
  119  9:30  Roach x6  
  125  9:34  Zergling x8  
  125  9:35  Zergling x2  
  125  9:38  Extractor  
  124  9:40  Roach x2  
  124  9:42  Overlord  
  128  9:52  Zergling x4  
  130  9:55  Overlord  
  130  9:56  Spore Crawler, Baneling x4  
  130  9:57  Spore Crawler  
  130  9:59  Baneling x4  
  125  10:00  Baneling  
  128  10:07  Roach x4, Zergling x4  
  130  10:32  Roach x8  
  145  10:36  Overlord  
  145  10:39  Overlord  
  145  10:44  Overlord  
  145  10:46  Queen  
  145  10:49  Roach  
  144  10:53  Roach x2  
  145  11:00  Roach x6  
  149  11:14  Roach x3  
  149  11:15  Roach x2  
  150  11:28  Roach x5  
  150  11:31  Queen  
  158  11:38  Roach x2  
  156  11:42  Roach  
  156  11:44  Queen  
  150  11:52  Roach x2  
  152  11:56  Queen  
  144  12:04  Roach  
  144  12:05  Roach x2  
  144  12:08  Queen  
  126  12:24  Roach x4  
  120  12:33  Roach  
Tags
 
Add a new tag
Caveats
  • Supply blocks, unpowered buildings, or Contaminate may cause inaccurate times.
  • Supply counts are checked every 10 seconds.